 Dungeon Crawl Stone Soup version 0.23.2-40-g277498a001 (webtiles) character file.

Game seed: 632529860956052455

258352 Nivan the Hoplite (level 19, -29/268 HPs)
             Began as a Minotaur Fighter on Oct 8, 2019.
             Was a High Priest of Okawaru.
             Annihilated by a very large slime creature (31 damage)
             ... on level 2 of the Pits of Slime.
             The game lasted 03:58:15 (33979 turns).

Nivan the Hoplite (Minotaur Fighter)               Turns: 33979, Time: 03:58:16

Health: -29/268    AC: 25    Str: 31 (32) XL:     19   Next: 12%
Magic:  0/24       EV:  2    Int:  4 (5)  God:    Okawaru [*****.]
Gold:   1409       SH:  0    Dex: 17      Spells: 18/18 levels left

rFire    + . .     SeeInvis .   a - +8 broad axe (flame)
rCold    . . .     Gourm    .   N - +2 shield {rF+}
rNeg     + + +     Faith    .   (armour currently unavailable)
rPois    +         Spirit   .   (helmet currently unavailable)
rElec    .         Reflect  .   (cloak currently unavailable)
rCorr    +         Harm     .   (gloves currently unavailable)
MR       +....     NoTele   +   (boots currently unavailable)
Stlth    ++........             l - amulet of the acrobat
HPRegen  0.54/turn              M - ring of resist corrosion
MPRegen  0.19/turn              t - +5 ring of strength

@: confused, agile, tree-form, corroded, hasted, very quick
A: (retaliatory headbutt), deterioration 1, MP-powered wands
}: 2/15 runes: decaying, gossamer
a: Heroism, Finesse, Renounce Religion


You were on level 2 of the Pits of Slime.
You worshipped Okawaru.
Okawaru was extremely pleased with you.
You were very hungry.
You were a tree.
You visited 6 branches of the dungeon, and saw 33 of its levels.
You also visited: Ice Cave.

You collected 2407 gold pieces.
You spent 998 gold pieces at shops.

Inventory:

Hand Weapons
 a - a +8 broad axe of flaming (weapon)
 g - the +5 hand axe "Lorgh" {chop, Int+2}
   (Okawaru gifted it to you on level 1 of the Spider Nest)

   It inflicts extra damage upon your enemies.
   It affects your intelligence (+2).
 k - the +4 trident "Usett" {holy, Stlth+, unknown}
   (Okawaru gifted it to you on level 4 of the Spider Nest)

   It has been blessed by the Shining One to cause great damage to the undead
   and demons.
   It makes you more stealthy.
 u - the +7 spear "Cixas" {antimagic, rElec rPois}
   (You found it on level 3 of the Swamp)

   It reduces the magical energy of the wielder, and disrupts the spells and
   magical abilities of those hit.
   Natural abilities and divine invocations are not affected.
   It insulates you from electricity.
   It protects you from poison.
Armour
 c - a +8 crystal plate armour (melded)
 e - a scarf of spirit shield (melded)
 m - a +0 pair of boots (melded)
 p - the +0 pair of gloves of Vottomm (melded) {rC+ MP+9}
   (You acquired it in an ice cave)

   It protects you from cold.
   It affects your magic capacity (+9).
 N - a +2 shield of fire resistance (worn)
 R - the +2 hat of the Centipede (melded) {*Slow rF+ Int+3}
   (You found it in an ice cave)

   It affects your intelligence (+3).
   It protects you from fire.
   It may slow you when you take damage.
 W - the +3 plate armour "Qauc" {Slay+3}
   (You bought it in a shop on level 5 of the Dungeon)

   It affects your accuracy and damage with ranged weapons and melee attacks
   (+3).
Jewellery
 l - an amulet of the acrobat (around neck)
 q - a +4 ring of strength
 t - a +5 ring of strength (right branch)
 H - an uncursed ring of protection from cold
 M - a ring of resist corrosion (left branch)
 X - an uncursed ring of flight
Wands
 s - a wand of iceblast (54)
 v - a wand of disintegration (7)
 y - a wand of flame (25)
 B - a wand of digging (10)
 Y - a wand of acid (45)
Scrolls
 b - 5 scrolls of identify
 h - 14 scrolls of remove curse
 i - 4 scrolls of holy word
 j - 15 scrolls of teleportation
 x - 6 scrolls of magic mapping
 G - a scroll of summoning
 I - a scroll of brand weapon
 J - a scroll of silence
 P - a scroll of torment
 Q - 5 scrolls of fog
 S - 6 scrolls of blinking
 T - 6 scrolls of immolation
 V - 4 scrolls of fear
Potions
 d - 2 potions of might
 n - a potion of resistance
 o - 6 potions of lignification
 r - 7 potions of ambrosia
 w - 2 potions of haste
 z - 2 potions of invisibility
 A - 4 potions of curing
 C - 3 potions of magic
 E - 2 potions of berserk rage
 F - a potion of agility
 U - 3 potions of mutation
Miscellaneous
 O - a lamp of fire
Comestibles
 f - 49 rations


   Skills:
 + Level 18.3 Fighting
 + Level 21.1(21.2) Axes
 - Level 2.9(14.6) Polearms
 + Level 15.8 Armour
 + Level 5.9 Dodging
 * Level 21.1 Shields
 + Level 8.5 Invocations
 - Level 0.1 Evocations


You had 18 spell levels left.
You didn't know any spells.
Your spell library contained the following spells:

 Spells                   Type           Power        Failure   Level  Hunger
 Animate Skeleton         Necr           N/A          50%         1    ##.....
 Apportation              Tloc           #.....       50%         1    ##.....
 Confusing Touch          Hex            #.....       50%         1    ##.....
 Flame Tongue             Conj/Fire      #....        50%         1    ##.....
 Magic Dart               Conj           #...         50%         1    ##.....
 Pain                     Necr           #...         50%         1    ##.....
 Sandblast                Erth           #.....       50%         1    ##.....
 Summon Small Mammal      Summ           #...         50%         1    ##.....
 Blink                    Tloc           N/A          65%         2    ###....
 Call Imp                 Summ           #.......     65%         2    ###....
 Passwall                 Tmut/Erth      #.......     65%         2    ###....
 Slow                     Hex            #.......     65%         2    ###....
 Throw Flame              Conj/Fire      #.....       65%         2    ###....
 Call Canine Familiar     Summ           #.......     86%         3    ####...
 Conjure Flame            Conj/Fire      #.......     86%         3    ####...
 Gell's Gravitas          Tloc           #.........   86%         3    ####...
 Inner Flame              Hex/Fire       #.......     86%         3    ####...
 Mephitic Cloud           Conj/Pois/Air  #.......     86%         3    ####...
 Portal Projectile        Hex/Tloc       #.....       86%         3    ####...
 Regeneration             Chrm/Necr      #.........   86%         3    ####...
 Stone Arrow              Conj/Erth      #.....       86%         3    ####...
 Summon Guardian Golem    Hex/Summ       #.......     86%         3    ####...
 Vampiric Draining        Necr           #.........   86%         3    ####...
 Animate Dead             Necr           N/A          99%         4    #####..
 Force Lance              Conj/Tloc      #.......     99%         4    #####..
 Ice Form                 Ice/Tmut       #.......     99%         4    #####..
 Petrify                  Tmut/Erth      #.......     99%         4    #####..
 Sticky Flame             Conj/Fire      #.......     99%         4    #####..
 Summon Ice Beast         Ice/Summ       #.......     99%         4    #####..
 Summon Lightning Spire   Summ/Air       #.......     99%         4    #####..
 Fireball                 Conj/Fire      #.........   100%        5    ######.
 Lee's Rapid Deconstruct  Erth           #.........   100%        5    ######.
 Metabolic Englaciation   Hex/Ice        #.........   100%        5    ######.
 Bolt of Cold             Conj/Ice       #.........   100%        6    #######
 Dispersal                Tloc           #.........   100%        6    #######
 Freezing Cloud           Conj/Ice/Air   #.........   100%        6    #######
 Ozocubu's Refrigeration  Ice            #.........   100%        6    #######
 Poison Arrow             Conj/Pois      #.........   100%        6    #######
 Simulacrum               Ice/Necr       #.........   100%        6    #######
 Chain Lightning          Conj/Air       #.........   100%        8    #######
 Controlled Blink         Tloc           N/A          100%        8    #######
 Disjunction              Tloc           #.........   100%        8    #######
 Lehudib's Crystal Spear  Conj/Erth      #.........   100%        8    #######
 Fire Storm               Conj/Fire      #.........   100%        9    #######
 Glaciate                 Conj/Ice       #.........   100%        9    #######


Dungeon Overview and Level Annotations

Branches:
Dungeon (15/15)            Temple (1/1) D:4            Lair (6/6) D:8
  Swamp (4/4) Lair:4       Spider (4/4) Lair:4        Slime (3/5) Lair:6
    Orc (0/2) D:9          Vaults (0/5) D:14         Depths (0/5) D:15

Altars:
Ashenzari
Cheibriados
Dithmenos
Elyvilon
Fedhas
Gozag
Hepliaklqana
Kikubaaqudgha
Makhleb
Nemelex Xobeh
Okawaru
Qazlal
Ru
Sif Muna
Trog
Uskayaw
Vehumet
Wu Jian
Xom
Yredelemnul
Zin
The Shining One

Shops:
D:5 !*[%   D:6 :   D:7 *   D:8 %   D:13 !


Innate Abilities, Weirdness & Mutations

((You reflexively headbutt those who attack you in melee.))
((You have a pair of horns on your head.))
((Armour fits poorly on your strangely shaped body.))
Your body sometimes deteriorates upon taking damage.
((You are occasionally teleported next to monsters.))
You expend magic power (3 MP) to strengthen your wands.


Message History

The acid blob spits acid at you.
The splash of acid hits you but does no damage.
You are splashed with acid.
You resist.
* * * LOW HITPOINT WARNING * * *
The acid blob hits you!
* * * LOW HITPOINT WARNING * * *
You are splashed with acid.
You resist.
* * * LOW HITPOINT WARNING * * *
The slime creature hits you!
* * * LOW HITPOINT WARNING * * *
Really quaff the potion of lignification?
You turn into a tree.
Your scarf of spirit shield melds into your body.
The +2 hat of the Centipede {*Slow rF+ Int+3} melds into your body.
The +0 pair of gloves of Vottomm {rC+ MP+9} melds into your body.
Your +0 pair of boots melds into your body.
Your +8 crystal plate armour melds into your body.
You feel strangely alone.
Your roots penetrate the ground.
The very large slime creature hits you!!
You die...

##.#.....#
##.#....#.## ..#
#..........# #..#
.........##....
........#.#..#
#.....#...#.#..
..#####............
............JJG.#.#
#......>....J♣...##
#.................#
.............#.......
§....................
.....#.......#.#.....
.##.#..<.............
##.........#...J...
#......#..###....#
......#.... #..


You could see 2 acid blobs, a very large slime creature, a slime creature and a
golden eye.

Vanquished Creatures
  Mara (Swamp:4)
  the Lernaean hydra (Swamp:4)
  Bai Suzhen (Swamp:4)
  Nikola (Swamp:4)
  A tentacled monstrosity (Swamp:4)
  Jorgrun (D:13)
  Asterion (Spider:4)
  6 acid blobs (Slime:3)
  Kirke (Lair:5)
  Agnes (D:15)
  The ghost of Britaniac the Warrior, an adept GrFi of Okawaru (Swamp:3)
  A storm dragon (D:14)
  5 azure jellies
  5 ghost moths
  4 emperor scorpions
  An ironheart preserver (D:14)
  6 entropy weavers
  A spark wasp (Spider:4)
  A dire elephant (D:15)
  2 blizzard demons (IceCv)
  Josephine (Lair:4)
  5 great orbs of eyes
  23 hydras
  3 shambling mangroves
  A catoblepas (Lair:2)
  3 ghost crabs (Swamp:2)
  A merfolk avatar (Lair:6)
  2 centaur warriors
  10 alligators
  A death knight (D:14)
  5 two-headed ogres
  2 tengu warriors
  5 skeletal warriors (D:14)
  An unseen horror (shapeshifter) (D:14)
  An unseen horror (D:10)
  A spriggan druid (Swamp:4)
  2 sea snakes (Lair:6)
  10 swamp dragons
  A wizard (D:12)
  3 orc knights
  2 harpies (Lair:6)
  A wolf spider zombie (D:14)
  34 wolf spiders
  4 cyclopes
  2 oklob plants (Lair:3)
  16 ugly things
  2 deep elf magi
  19 orb spiders
  3 manticores
  An orc sorcerer (D:15)
  2 shining eyes (Slime:3)
  12 elephants
  3 black mambas
  Maurice (D:8)
  An ice statue (IceCv)
  A naga mage (D:15)
  4 eyes of devastation (Slime:3)
  A torpor snail (Spider:3)
  2 gargoyles
  3 kobold demonologists
  6 rime drakes
  7 ice devils (IceCv)
  18 komodo dragons
  19 spiny frogs
  8 demonic crawlers
  An efreet (D:13)
  4 freezing wraiths
  2 anaconda simulacra (IceCv)
  42 jumping spiders
  10 trolls
  A golden dragon simulacrum (IceCv)
  A wolf spider simulacrum (IceCv)
  3 polar bears
  11 tyrant leeches
  17 bog bodies
  12 blink frogs
  24 hornets
  64 slime creatures
  10 hippogriffs
  2 shadows
  94 redbacks
  33 tarantellas
  2 dire elephant simulacra (IceCv)
  11 spriggans (Swamp:3)
  A human (D:13)
  8 wraiths
  Sigmund (D:6)
  4 water elementals (D:15)
  5 golden eyes (Slime:2)
  A wyvern (Lair:3)
  51 yaks
  2 hungry ghosts
  5 hogs (Lair:5)
  20 vampire mosquitoes
  4 harpy simulacra (IceCv)
  An iron troll simulacrum (IceCv)
  10 insubstantial wisps
  17 swamp worms
  13 water moccasins
  A warg (D:14)
  An acid dragon (D:12)
  6 hydra simulacra (IceCv)
  6 porcupines
  11 swamp drakes
  8 sky beasts
  6 black bears
  3 eyes of draining (Slime:3)
  A floating eye (Slime:3)
  9 orc warriors
  An alligator simulacrum (IceCv)
  2 ice beasts
  2 phantoms
  6 ogres
  A necrophage (D:13)
  3 ettin simulacra (IceCv)
  10 centaurs
  9 wolves
  17 crocodiles
  Blork the orc (D:6)
  A big kobold (D:15)
  24 bullfrogs
  A gnoll sergeant (D:7)
  4 scorpions
  5 killer bees (D:12)
  2 electric eels (Lair:5)
  6 wights
  A howler monkey (D:9)
  6 crimson imps
  2 bullfrog zombies
  9 centaur zombies
  17 jellies
  9 orc wizards
  2 bullfrog skeletons
  2 orc priests
  14 hounds
  6 centaur skeletons
  Ijyb (D:3)
  Terence (D:2)
  6 iguanas
  3 spriggan simulacra (IceCv)
  3 troll simulacra (IceCv)
  11 worker ants
  A polar bear simulacrum (IceCv)
  3 centaur simulacra (IceCv)
  A hound zombie (D:8)
  3 hound skeletons
  2 worker ant zombies (D:7)
  6 gnolls
  A howler monkey skeleton (D:8)
  13 adders
  3 naga simulacra (IceCv)
  An ogre simulacrum (IceCv)
  2 shadow imps
  5 white imps (IceCv)
  8 ufetubi (IceCv)
  An ooze (D:2)
  A worm (D:2)
  A dart slug (D:3)
  8 leopard geckos
  30 orcs
  7 bats
  6 giant cockroaches
  7 hobgoblins
  11 jackals
  3 quokkas
  5 frilled lizards
  10 goblins
  A jackal skeleton (D:7)
  9 kobolds
  A quokka skeleton (D:8)
  10 rats
  5 fungi
  4 plants
1191 creatures vanquished.

Vanquished Creatures (others)
  A ghost moth (Spider:4)
  An orb spider (Spider:3)
  2 redbacks
  3 fungi
  5 plants
12 creatures vanquished.

Grand Total: 1203 creatures vanquished

Notes
Turn   | Place    | Note
-------+----------+-------------------------------------------
     0 | D:1      | Nivan the Minotaur Fighter began the quest for the Orb.
     0 | D:1      | Reached XP level 1. HP: 19/19 MP: 0/0
   478 | D:1      | Reached XP level 2. HP: 27/27 MP: 1/1
   929 | D:2      | Reached XP level 3. HP: 33/33 MP: 2/2
  1294 | D:2      | Noticed Terence
  1303 | D:2      | Killed Terence
  1303 | D:2      | Reached XP level 4. HP: 27/41 MP: 3/3
  1307 | D:2      | Found an iron altar of Okawaru.
  1735 | D:3      | Noticed Ijyb
  1746 | D:3      | Killed Ijyb
  1746 | D:3      | Reached XP level 5. HP: 35/47 MP: 4/4
  2128 | D:4      | Found a staircase to the Ecumenical Temple.
  2140 | Temple   | Entered the Ecumenical Temple
  2365 | D:2      | Became a worshipper of Warmaster Okawaru
  2775 | D:4      | Reached skill level 5 in Shields
  2964 | D:5      | Entered Level 5 of the Dungeon
  2993 | D:5      | Reached skill level 5 in Axes
  2993 | D:5      | Reached XP level 6. HP: 44/53 MP: 5/5
  3272 | D:5      | Found Jupyreak's Antique Armour Shoppe.
  3306 | D:5      | Found Dyxarr's Food Boutique.
  3485 | D:5      | Found Subb's Assorted Antiques.
  3525 | D:5      | Reached skill level 5 in Armour
  3604 | D:5      | Found Ecoimak's Distillery.
  3605 | D:5      | Reached * piety under Okawaru
  3627 | D:5      | Bought a potion of degeneration for 10 gold pieces
  3627 | D:5      | Bought a potion of berserk rage for 50 gold pieces
  3627 | D:5      | Bought a potion of agility for 40 gold pieces
  3627 | D:5      | Bought a potion of curing for 30 gold pieces
  3977 | D:5      | Got a jewelled ring mail
  3988 | D:5      | Identified the +4 ring mail "Boosoe" {+Fly rPois rC+} (You
                  | found it on level 5 of the Dungeon)
  3998 | D:5      | Found a glowing silver altar of Zin.
  3999 | D:5      | Noticed an angel
  4073 | D:6      | Reached XP level 7. HP: 60/60 MP: 6/6
  4085 | D:6      | Reached skill level 5 in Fighting
  4085 | D:6      | Reached skill level 1 in Dodging
  4098 | D:6      | Noticed Blork the orc
  4138 | D:6      | Noticed Sigmund
  4159 | D:6      | Killed Sigmund
  4194 | D:6      | Reached ** piety under Okawaru
  4234 | D:6      | Reached XP level 8. HP: 68/68 MP: 7/7
  4268 | D:6      | Killed Blork the orc
  4308 | D:6      | Found Zuadob's Book Shop.
  4575 | D:6      | Found a shadowy altar of Dithmenos.
  4696 | D:7      | Found Gepliherph's Assorted Antiques.
  4782 | D:7      | Reached *** piety under Okawaru
  4822 | D:7      | Found a deep blue altar of Sif Muna.
  4822 | D:7      | Found a glowing golden altar of the Shining One.
  5197 | D:7      | Found a burning altar of Makhleb.
  5219 | D:7      | Noticed a slime creature
  5225 | D:7      | Killed a slime creature
  5225 | D:7      | Reached XP level 9. HP: 59/75 MP: 8/8
  5228 | D:7      | Noticed a two-headed ogre
  5232 | D:7      | Reached skill level 10 in Axes
  5232 | D:7      | Reached skill level 1 in Invocations
  5241 | D:7      | Killed a two-headed ogre
  5241 | D:7      | Reached **** piety under Okawaru
  5750 | D:8      | Found Hiroq's Food Boutique.
  5898 | D:8      | Found an ornate altar of the Wu Jian Council.
  5908 | D:8      | Found a hazy altar of Hepliaklqana.
  5976 | D:8      | Noticed Maurice
  5983 | D:8      | Reached XP level 10. HP: 77/86 MP: 7/10
  5990 | D:8      | Killed Maurice
  6028 | D:8      | Found a staircase to the Lair.
  6157 | D:8      | Noticed a two-headed ogre
  6167 | D:8      | Killed a two-headed ogre
  6167 | D:8      | Received a gift from Okawaru
  6700 | Lair:1   | Entered Level 1 of the Lair of Beasts
  6739 | D:9      | Reached ***** piety under Okawaru
  6894 | D:9      | Noticed a two-headed ogre
  6900 | D:9      | Killed a two-headed ogre
  6900 | D:9      | Received a gift from Okawaru
  6917 | D:9      | Found a staircase to the Orcish Mines.
  6921 | D:9      | Paralysed by a hornet for 2 turns
  7309 | D:9      | Reached skill level 10 in Shields
  7309 | D:9      | Reached XP level 11. HP: 63/94 MP: 11/11
  7631 | D:10     | Entered Level 10 of the Dungeon
  7719 | D:10     | Killed an unseen horror
  8140 | D:10     | Received a gift from Okawaru
  8141 | D:10     | Got a fine rapier {god gift}
  9271 | D:12     | Noticed a white ugly thing
  9274 | D:12     | Received a gift from Okawaru
  9278 | D:12     | Killed a white ugly thing
  9278 | D:12     | Reached skill level 10 in Fighting
  9278 | D:12     | Reached XP level 12. HP: 103/106 MP: 5/13
  9789 | D:12     | Got a faintly humming ring mail
  9800 | D:12     | Identified the +2 ring mail "Coser" {*Slow +Inv MR+ Str+2}
                  | (You found it on level 12 of the Dungeon)
 10102 | D:13     | Noticed Jorgrun
 10307 | D:13     | Noticed a centaur warrior
 10329 | D:13     | Killed a centaur warrior
 10453 | D:13     | Received a gift from Okawaru
 10462 | D:13     | Reached skill level 15 in Axes
 10564 | D:13     | Noticed a two-headed ogre
 10570 | D:13     | Killed a two-headed ogre
 10586 | D:13     | Killed Jorgrun
 10586 | D:13     | Reached skill level 10 in Armour
 10586 | D:13     | Reached skill level 5 in Dodging
 10586 | D:13     | Reached skill level 5 in Invocations
 10929 | D:13     | Found an opulent altar of Gozag.
 10957 | D:13     | Found Fycselom's Distillery.
 11146 | D:14     | Noticed a centaur warrior
 11153 | D:14     | Killed a centaur warrior
 11153 | D:14     | Reached XP level 13. HP: 89/116 MP: 14/16
 11238 | D:14     | Received a gift from Okawaru
 11675 | D:14     | Noticed an ironheart preserver
 12158 | D:14     | Found a gate to the Vaults.
 12170 | D:14     | Killed an ironheart preserver
 13070 | D:14     | Noticed a storm dragon
 13106 | D:14     | Killed a storm dragon
 13106 | D:14     | Received a gift from Okawaru
 13372 | D:15     | Entered Level 15 of the Dungeon
 13386 | D:15     | Noticed Agnes
 13414 | D:15     | Killed Agnes
 13661 | D:15     | Reached XP level 14. HP: 123/126 MP: 11/18
 14376 | D:15     | Found a white marble altar of Elyvilon.
 14528 | D:15     | Found a staircase to the Depths.
 15195 | D:5      | Bought a transparent plate armour for 868 gold pieces
 15205 | D:5      | Identified the +3 plate armour "Qauc" {Slay+3} (You bought
                  | it in a shop on level 5 of the Dungeon)
 15308 | Lair:1   | Received a gift from Okawaru
 17060 | Lair:3   | You fall through a shaft!
 17376 | Lair:4   | Noticed Josephine
 17378 | Lair:4   | Killed Josephine
 17397 | Lair:4   | Found a hole to the Spider Nest.
 17531 | Lair:4   | Reached XP level 15. HP: 117/137 MP: 19/19
 17636 | Lair:4   | You fall through a shaft for 2 floors!
 17636 | Lair:6   | Entered Level 6 of the Lair of Beasts
 17691 | Lair:6   | Received a gift from Okawaru
 17965 | Lair:5   | Reached ****** piety under Okawaru
 18663 | Lair:4   | Found a staircase to the Swamp.
 18898 | Lair:5   | Reached skill level 15 in Shields
 19112 | Lair:5   | Noticed Kirke
 19167 | Lair:5   | Noticed a sphinx
 19189 | Lair:5   | Killed Kirke
 20210 | Lair:6   | Found a staircase to the Slime Pits.
 20791 | Swamp:1  | Entered Level 1 of the Swamp
 21497 | Swamp:2  | Reached skill level 15 in Fighting
 21748 | Swamp:2  | Received a gift from Okawaru
 21974 | Swamp:2  | Reached XP level 16. HP: 106/149 MP: 20/20
 22874 | Swamp:3  | Found a runed translucent door.
 22878 | Swamp:3  | Noticed Britaniac's ghost (adept GrFi)
 22914 | Swamp:3  | Killed Britaniac's ghost
 22927 | Swamp:3  | Got an encrusted spear
 22929 | Swamp:3  | Identified the +7 spear "Cixas" {antimagic, rElec rPois}
                  | (You found it on level 3 of the Swamp)
 23385 | Swamp:4  | Entered Level 4 of the Swamp
 23410 | Swamp:4  | Received a gift from Okawaru
 23832 | Swamp:4  | Noticed Mara
 23844 | Swamp:4  | Noticed Nivan's illusion
 24086 | Swamp:4  | Noticed Nivan's illusion
 24191 | Swamp:4  | Noticed Nivan's illusion
 24410 | Swamp:4  | Noticed Nivan's illusion
 24675 | Swamp:4  | Noticed Nivan's illusion
 24920 | Swamp:4  | Noticed Nivan's illusion
 24928 | Swamp:4  | Killed Mara
 24971 | Swamp:4  | Noticed the 27-headed Lernaean hydra
 24990 | Swamp:4  | Killed the 22-headed Lernaean hydra
 25044 | Swamp:4  | Got a decaying rune of Zot
 25246 | Swamp:4  | Noticed a tentacled monstrosity
 25482 | Swamp:4  | Killed a tentacled monstrosity
 25482 | Swamp:4  | Received a gift from Okawaru
 25482 | Swamp:4  | Reached XP level 17. HP: 135/158 MP: 22/22
 25559 | Swamp:4  | Noticed Nikola
 25575 | Swamp:4  | Killed Nikola
 26031 | Swamp:4  | Noticed Bai Suzhen
 26054 | Swamp:4  | Killed Bai Suzhen
 26602 | Spider:1 | Entered Level 1 of the Spider Nest
 26653 | Spider:1 | Found a frozen archway.
 26685 | IceCv    | Entered an ice cave
 27338 | IceCv    | Got a shimmering hat
 27358 | IceCv    | Identified the +2 hat of the Centipede {*Slow rF+ Int+3}
                  | (You found it in an ice cave)
 27426 | IceCv    | Identified a scroll of acquirement
 27429 | IceCv    | Got a pair of bloodstained gloves
 27440 | IceCv    | Identified the +0 pair of gloves of Vottomm {rC+ MP+9} (You
                  | acquired it in an ice cave)
 28231 | Spider:1 | Received a gift from Okawaru
 28239 | Spider:1 | Reached skill level 15 in Armour
 28268 | Spider:1 | Got an ancient hand axe {god gift}
 28269 | Spider:1 | Identified the +5 hand axe "Lorgh" {chop, Int+2} (Okawaru
                  | gifted it to you on level 1 of the Spider Nest)
 28860 | Spider:2 | Received a gift from Okawaru
 29726 | Spider:3 | Reached XP level 18. HP: 149/169 MP: 23/23
 30590 | Spider:4 | Entered Level 4 of the Spider Nest
 30839 | Spider:4 | Noticed Asterion
 30855 | Spider:4 | Killed Asterion
 31556 | Spider:4 | Received a gift from Okawaru
 31559 | Spider:4 | Got an ichor-stained trident {god gift}
 31688 | Spider:4 | Got a gossamer rune of Zot
 32180 | Slime:1  | Entered Level 1 of the Pits of Slime
 32209 | Slime:1  | Paralysed by a great orb of eyes for 3 turns
 33072 | Slime:3  | Gained mutation: Armour fits poorly on your strangely
                  | shaped body. [a shining eye]
 33074 | Slime:3  | Gained mutation: Your body sometimes deteriorates upon
                  | taking damage. [a shining eye]
 33084 | Slime:3  | Gained mutation: You expend magic power (3 MP) to
                  | strengthen your wands. [a shining eye]
 33097 | Slime:3  | Gained mutation: You are occasionally teleported next to
                  | monsters. [a shining eye]
 33101 | Slime:3  | Received a gift from Okawaru
 33104 | Slime:3  | Got a scorched animal skin {god gift}
 33131 | Slime:3  | Reached XP level 19. HP: 58/179 MP: 6/24
 33978 | Slime:2  | HP: 6/179 [acid (3)]
 33978 | Slime:2  | HP: 1/179 [slime creature (5)]
 33979 | Slime:2  | Annihilated by a very large slime creature

Skill      XL: |  1  2  3  4  5  6  7  8  9 10 11 12 13 14 15 16 17 18 |
---------------+-------------------------------------------------------+-----
Fighting       | 4 5 7 8 10 11 12 13 15 16 17 18 | 18.3
Armour         | 4 5 6 8 9 10 11 12 13 14 15 | 15.8
Shields        | 4 5 6 7 9 10 11 12 13 14 15 17 19 21 | 21.1
Axes           | 3 4 5 6 7 9 11 13 14 15 17 18 19 20 21 | 21.1
Dodging        | 1 3 4 5 |  5.9
Invocations    | 1 2 3 5 7 8 |  8.5
Polearms       | 2 |  2.9
Evocations     | |  0.1

Action                   |  1- 3 |  4- 6 |  7- 9 | 10-12 | 13-15 | 16-18 | 19-21 || total
-------------------------+-------+-------+-------+-------+-------+-------+-------++-------
Melee: War axe           |   104 |   131 |   192 |   161 |       |       |       ||   588
       Headbutt          |    12 |    24 |    44 |   179 |   270 |   343 |    11 ||   883
       Hand axe          |       |       |       |   340 |    54 |       |       ||   394
       Broad axe         |       |       |       |    92 |   839 |  1109 |    36 ||  2076
       Trident           |       |       |       |       |     4 |       |       ||     4
       Spear             |       |       |       |       |       |    83 |       ||    83
Invok: Heroism           |       |       |     6 |    17 |    15 |    12 |       ||    50
       Finesse           |       |       |       |     8 |    13 |     6 |       ||    27
 Abil: Evoke Flight      |       |       |       |       |       |     2 |       ||     2
Evoke: Wand              |       |       |       |     1 |     1 |     9 |       ||    11
       Sack of spiders   |       |       |       |       |       |     1 |       ||     1
  Use: Potion            |       |     2 |     1 |       |     5 |     4 |     8 ||    20
       Scroll            |       |       |       |    13 |    16 |    21 |     1 ||    51
  Eat: Chunk             |     1 |    21 |     7 |    19 |    37 |    15 |       ||   100
       Ration            |       |       |       |       |       |     7 |       ||     7
Armor: Scale mail        |    15 |       |       |       |       |       |       ||    15
       Chain mail        |    40 |    61 |    22 |   194 |    97 |       |       ||   414
       Skin              |       |     3 |       |       |       |       |       ||     3
       Ring mail         |       |     1 |    47 |       |       |       |       ||    48
       Plate armour      |       |       |       |       |   204 |    46 |       ||   250
       Crystal plate arm |       |       |       |       |       |   623 |    18 ||   641
Dodge: Dodged            |    36 |    29 |    64 |   133 |   256 |   406 |    21 ||   945
Block: Shield            |    51 |    74 |   105 |   291 |   502 |   951 |     7 ||  1981
